 Dungeon Crawl Stone Soup version 0.22.0 (webtiles) character file.

11913 CyclopB the Cleaver (level 11, -6/96 HPs)
             Began as a Gargoyle Gladiator on Jan 12, 2019.
             Was a Believer of Uskayaw.
             Mangled by a freezing wraith (7 damage)
             ... in an ice cave on Jan 13, 2019.
             The game lasted 01:21:56 (13700 turns).

CyclopB the Cleaver (Gargoyle Gladiator)           Turns: 13700, Time: 01:21:58

Health: -6/96      AC: 25    Str: 17    XL:     11   Next: 85%
Magic:  14/16      EV:  2    Int: 10    God:    Uskayaw [**....]
Gold:   619        SH:  3    Dex: 14    Spells: 10/10 levels left

rFire    . . .     SeeInvis .   S - +3 war axe (freeze)
rCold    + . .     Gourm    .   v - +0 buckler
rNeg     + + +     Faith    .   (armour currently unavailable)
rPois    ∞         Spirit   .   (helmet currently unavailable)
rElec    .         Reflect  .   (cloak currently unavailable)
rCorr    .         Harm     .   (gloves currently unavailable)
MR       .....     NoTele   +   (boots currently unavailable)
Stlth    +.........             (no amulet)
HPRegen  0.26/turn              q - +2 ring of evasion
MPRegen  0.15/turn              U - ring of protection from cold

@: tree-form, slowed, very slow
A: negative energy resistance 1, petrification resistance, rot immunity, AC +8
a: Stomp, Line Pass, Renounce Religion


You were in an ice cave.
You worshipped Uskayaw.
Uskayaw was noncommittal.
You were very hungry.
You were a tree.
You visited 3 branches of the dungeon, and saw 16 of its levels.
You visited 1 bazaar.
You also visited: Ice Cave.

You collected 661 gold pieces.
You spent 42 gold pieces at shops.

Inventory:

Hand Weapons
 D - a +0 broad axe
 K - a +0 great mace of protection
 S - a +3 war axe of freezing (weapon)
Missiles
 d - 2 throwing nets
 m - 285 stones
 n - 7 tomahawks of dispersal
 B - 230 arrows
 E - a javelin
 M - 11 tomahawks (quivered)
 R - 21 bolts
Armour
 c - a +0 helmet (melded)
 k - a +0 chain mail (melded)
 v - a +0 buckler (worn)
 G - a +1 pair of boots (melded)
 H - a +0 pair of gloves (melded)
Jewellery
 h - an uncursed ring of flight
 q - a +2 ring of evasion (left branch)
 N - an uncursed ring of protection from fire
 T - an uncursed ring of positive energy
 U - a ring of protection from cold (right branch)
Wands
 j - a wand of disintegration (5)
 y - a wand of iceblast (8)
 W - a wand of polymorph (11)
Scrolls
 e - 7 scrolls of teleportation
 g - 4 scrolls of identify
 l - 4 scrolls of magic mapping
 o - 5 scrolls of remove curse
 r - a scroll of fear
 s - 4 scrolls of immolation
 u - 2 scrolls of fog
 C - a scroll of brand weapon
 V - a scroll of summoning {unknown}
Potions
 t - a potion of lignification
 w - 4 potions of curing
 z - a potion of cancellation
 A - a potion of berserk rage {unknown}
 I - a potion of agility
 J - a potion of heal wounds {unknown}
 L - a potion of ambrosia
Comestibles
 f - 14 rations


   Skills:
 - Level 5.2 Fighting
 * Level 14.3 Axes
 - Level 1.7 Throwing
 - Level 3.0 Armour
 - Level 3.2 Dodging
 + Level 7.7 Invocations


You had 10 spell levels left.
You didn't know any spells.
Your spell library contained the following spells:

 Spells                   Type           Power        Failure   Level  Hunger
 Summon Small Mammal      Summ           #...         54%         1    ##.....
 Summon Ice Beast         Ice/Summ       #.......     99%         4    #####..
 Call Imp                 Summ           #.......     67%         2    ###....
 Spider Form              Tmut/Pois      #.........   88%         3    ####...
 Blade Hands              Tmut           #.........   100%        5    ######.
 Ice Form                 Ice/Tmut       #.......     99%         4    #####..
 Sticks to Snakes         Tmut           #.......     67%         2    ###....
 Call Canine Familiar     Summ           #.......     88%         3    ####...
 Beastly Appendage        Tmut           #.....       54%         1    ##.....
 Summon Lightning Spire   Summ/Air       #.......     99%         4    #####..
 Summon Guardian Golem    Hex/Summ       #.......     88%         3    ####...


Dungeon Overview and Level Annotations

Branches:
Dungeon (14/15)            Temple (1/1) D:4            Lair (1/6) D:11
    Orc (0/2) D:12
 Vaults: D:13-14

Altars:
Ashenzari
Cheibriados
Dithmenos
Elyvilon
Fedhas
Gozag
Hepliaklqana
Kikubaaqudgha
Makhleb
Nemelex Xobeh
Okawaru
Qazlal
Ru
Sif Muna
Uskayaw
Wu Jian
Xom
Yredelemnul
Zin
The Shining One

Shops:
D:4 [   D:6 %?(%*   D:8 [

Annotations:
D:3 3 runed doors, DangYo's ghost, amateur HOMo
D:7 Joseph
D:9 1 runed door, lepoulpe303's ghost, novice OpAs
D:11 Erolcha


Innate Abilities, Weirdness & Mutations

You are resistant to torment.
((Your stone body is resilient. (AC +8)))
You are immune to poison.
You resist negative energy. (rN+)
((You are resistant to electric shocks. (rElec)))
((You can survive without breathing.))
You are immune to petrification.
You are immune to rotting.


Message History

Unknown command.
Okay, then.
Unknown command.
You closely miss the freezing wraith.
The freezing wraith is severely damaged.
You hit the freezing wraith.
The freezing wraith hits you but does no damage. x4
You hit the freezing wraith.
The freezing wraith is almost destroyed.
You hit the freezing wraith. You block the freezing wraith's attack.
The freezing wraith hits you but does no damage.
The freezing wraith hits you!
* * * LOW HITPOINT WARNING * * *
The freezing wraith freezes you! You resist.
* * * LOW HITPOINT WARNING * * *
The freezing wraith hits you but does no damage.
The freezing wraith hits you!
* * * LOW HITPOINT WARNING * * *
The freezing wraith freezes you! You resist.
You die...

##.###...##
#..######
##..## #
#...## .#
##...## .#
##...## .#
##...# ..#
##..#..#
#.♣W..#
##.W.##
#####


You could see 2 freezing wraiths.

Vanquished Creatures
  Erica (D:8)
  Pikel (D:5)
  An orb spider (shapeshifter) (D:12)
  2 freezing wraiths (IceCv)
  A troll (D:12)
  A hornet (D:7)
  3 blink frogs (Lair:1)
  A wolf spider simulacrum (IceCv)
  5 hippogriffs
  2 wraiths
  A wyvern (D:9)
  4 hogs (D:9)
  A human (D:9)
  Menkaure (D:5)
  2 hungry ghosts (D:11)
  A steam dragon (D:11)
  A two-headed ogre zombie (D:12)
  4 water moccasins
  Duvessa (D:5)
  6 ice beasts
  3 orc warriors
  A sky beast (D:5)
  An alligator simulacrum (IceCv)
  2 slaves (D:5)
  3 black bears
  8 ogres
  2 phantoms (D:12)
  3 centaurs
  A crocodile (D:13)
  2 big kobolds
  7 bullfrogs
  Dowan (D:5)
  A wyvern zombie (D:9)
  3 killer bees (D:8)
  3 scorpions
  A swamp dragon simulacrum (IceCv)
  3 troll zombies (D:12)
  5 wights (D:11)
  6 crimson imps
  3 howler monkeys
  2 bullfrog zombies (D:5)
  A quasit (D:8)
  8 orc priests
  A jelly (D:11)
  4 hounds
  5 orc wizards
  3 iguanas
  11 worker ants
  A polar bear simulacrum (IceCv)
  A killer bee zombie (D:9)
  4 ogre zombies (D:12)
  A hound zombie (D:9)
  A hound skeleton (D:6)
  8 adders
  A river rat (D:11)
  3 shadow imps
  16 white imps
  3 oozes (D:2)
  2 adder skeletons
  3 worms
  4 dart slugs
  5 leopard geckos
  48 orcs
  10 bats
  4 giant cockroaches
  9 goblins
  9 hobgoblins
  15 jackals
  6 quokkas
  A ball python (D:2)
  4 frilled lizards
  2 goblin skeletons (D:12)
  2 goblin zombies (D:12)
  A hobgoblin skeleton (D:12)
  4 hobgoblin zombies (D:12)
  21 kobolds
  3 orc skeletons (D:12)
  13 orc zombies (D:12)
  A quokka zombie (D:5)
  10 rats
  A fungus (Lair:1)
351 creatures vanquished.

Vanquished Creatures (others)
  2 slaves (D:5)
  An ogre (D:5)
  An orc wizard (D:5)
  An orc priest (D:5)
  An adder (D:5)
  An adder skeleton (D:5)
  A leopard gecko (D:5)
  A fungus (Lair:1)
9 creatures vanquished.

Grand Total: 360 creatures vanquished

Notes
Turn   | Place    | Note
-------+----------+-------------------------------------------
     0 | D:1      | CyclopB the Gargoyle Gladiator began the quest for the Orb.
     0 | D:1      | Reached XP level 1. HP: 12/12 MP: 1/1
    51 | D:1      | Reached skill level 3 in Axes
    51 | D:1      | Reached XP level 2. HP: 17/17 MP: 2/2
   357 | D:1      | Reached XP level 3. HP: 22/22 MP: 3/3
   918 | D:2      | Reached XP level 4. HP: 27/27 MP: 4/4
  1305 | D:2      | Reached skill level 4 in Axes
  1444 | D:2      | Found a sparkling altar of Nemelex Xobeh.
  1807 | D:3      | Found a deep blue altar of Sif Muna.
  1884 | D:3      | Reached XP level 5. HP: 32/32 MP: 5/5
  1935 | D:3      | Found a shattered altar of Ashenzari.
  2060 | D:3      | Reached skill level 5 in Axes
  2081 | D:3      | Reached XP level 6. HP: 37/37 MP: 6/6
  2306 | D:3      | Found a runed gate.
  2306 | D:3      | Found a runed gate.
  2306 | D:3      | Found a runed gate.
  2325 | D:3      | Noticed DangYo's ghost (amateur HOMo)
  2862 | D:3      | Found an ornate altar of the Wu Jian Council.
  2862 | D:3      | Found an opulent altar of Gozag.
  2863 | D:3      | Found an iron altar of Okawaru.
  3145 | D:4      | Found a staircase to the Ecumenical Temple.
  3152 | Temple   | Entered the Ecumenical Temple
  3278 | Temple   | Became a worshipper of Uskayaw the Reveler
  3390 | D:4      | Noticed an ice beast
  3535 | D:4      | Reached * piety under Uskayaw
  3536 | D:4      | Reached ** piety under Uskayaw
  3542 | D:4      | Killed an ice beast
  3542 | D:4      | Reached skill level 6 in Axes
  3854 | D:4      | Reached XP level 7. HP: 42/42 MP: 7/7
  4332 | D:4      | Found Nailo Xon's Armour Emporium.
  4394 | D:5      | Entered Level 5 of the Dungeon
  4417 | D:5      | Noticed Menkaure
  4486 | D:5      | Noticed Dowan
  4487 | D:5      | Noticed Duvessa
  4504 | D:5      | Reached *** piety under Uskayaw
  4505 | D:5      | Killed Duvessa
  4505 | D:5      | Reached skill level 7 in Axes
  4506 | D:5      | Reached **** piety under Uskayaw
  4522 | D:5      | Killed Dowan
  4711 | D:5      | Found a burning altar of Makhleb.
  4712 | D:5      | Found a blossoming altar of Fedhas.
  4799 | D:5      | Reached XP level 8. HP: 46/48 MP: 8/8
  4843 | D:5      | Noticed Pikel
  4883 | D:5      | Killed Pikel
  4883 | D:5      | Reached skill level 8 in Axes
  4930 | D:5      | Found a blossoming altar of Fedhas.
  4971 | D:5      | Reached skill level 9 in Axes
  5135 | D:5      | Killed Menkaure
  5170 | D:5      | Reached skill level 5 in Fighting
  5374 | D:5      | Found a shimmering altar of Xom.
  5450 | D:5      | Reached XP level 9. HP: 54/54 MP: 9/9
  5536 | D:5      | Found an ancient bone altar of Kikubaaqudgha.
  5908 | D:6      | Reached skill level 10 in Axes
  6024 | D:6      | Found Dihete Mecue's Antique Weapon Shop.
  6147 | D:6      | Found Nugy's General Store.
  6159 | D:6      | Bought a scroll of magic mapping for 42 gold pieces
  6420 | D:6      | Found Tobiuhodd's Magic Scroll Shoppe.
  6421 | D:6      | Found Otwubula's Food Emporium.
  6452 | D:6      | Reached skill level 1 in Invocations
  6745 | D:6      | Found Bonwizxe's Food Boutique.
  6941 | D:7      | Found a white marble altar of Elyvilon.
  6958 | D:7      | Noticed a hornet
  6982 | D:7      | Killed a hornet
  6982 | D:7      | Reached skill level 11 in Axes
  7590 | D:7      | Noticed Joseph
  7597 | D:8      | Found an ornate altar of the Wu Jian Council.
  7614 | D:8      | Reached XP level 10. HP: 50/59 MP: 11/11
  7765 | D:8      | Found Cosk's Armour Shop.
  7930 | D:8      | Reached skill level 12 in Axes
  7930 | D:8      | Noticed Erica
  8241 | D:8      | Found a glowing silver altar of Zin.
  8417 | D:8      | Killed Erica
  8874 | D:9      | Found a runed door.
  8874 | D:9      | Noticed lepoulpe303's ghost (novice OpAs)
  8875 | D:9      | Found the +15 Maxwell's patent armour {-Cast -Tele rElec MR+ rCorr}
  9709 | D:9      | Reached skill level 13 in Axes
  9754 | D:9      | Reached ***** piety under Uskayaw
 10059 | D:10     | Entered Level 10 of the Dungeon
 10181 | D:10     | Reached XP level 11. HP: 53/64 MP: 14/14
 10468 | D:10     | Reached skill level 5 in Invocations
 10823 | D:11     | Noticed a death yak
 10823 | D:11     | Noticed Erolcha
 11037 | D:11     | Found a flickering gateway to a bazaar.
 11046 | Bazaar   | Entered a bazaar
 11064 | Bazaar   | Found Faizoyc's Weapon Emporium.
 11079 | Bazaar   | Found Kirut's Jewellery Shoppe.
 11092 | Bazaar   | Found Ajevubbu's Book Shoppe.
 11092 | Bazaar   | Found Syquq's Antique Weapon Emporium.
 11132 | D:11     | You fall through a shaft for 3 floors!
 11145 | D:14     | Noticed a catoblepas
 11233 | D:13     | Noticed a manticore
 11470 | D:12     | Found a staircase to the Orcish Mines.
 11490 | D:12     | Reached skill level 14 in Axes
 11804 | D:12     | Reached skill level 1 in Armour
 11871 | D:12     | Noticed an orb spider
 11871 | D:12     | a yak changed into an orb spider
 11901 | D:12     | Killed an orb spider
 12157 | D:12     | Noticed a cyclops
 12383 | D:11     | Got a translucent short sword
 12384 | D:11     | Identified the cursed +1 short sword of Nolainn {speed, rElec Str+4} (You found it on level 11 of the Dungeon)
 12637 | D:11     | Noticed a death yak
 12637 | D:11     | Noticed a death yak
 12654 | D:11     | Found a staircase to the Lair.
 12664 | Lair:1   | Entered Level 1 of the Lair of Beasts
 12903 | Lair:1   | Found a frozen archway.
 12947 | IceCv    | Entered an ice cave
 13700 | IceCv    | HP: 1/96 [freezing wraith (9)]
 13700 | IceCv    | Mangled by a freezing wraith

Skill      XL: |  1  2  3  4  5  6  7  8  9 10 11 |
---------------+----------------------------------+-----
Axes           | 3 4 5 6 7 9 11 13 14 | 14.3
Fighting       | 3 4 5 |  5.2
Dodging        | 3 |  3.2
Invocations    | 2 4 7 |  7.7
Armour         | 3 |  3.0
Throwing       | |  1.7

Action                   |  1- 3 |  4- 6 |  7- 9 | 10-12 || total
-------------------------+-------+-------+-------+-------++-------
Melee: War axe           |   119 |   228 |   339 |   713 ||  1399
Throw: Stone             |       |    13 |    36 |   151 ||   200
       Throwing net      |       |       |     1 |       ||     1
       Tomahawk          |       |       |       |    17 ||    17
       Javelin           |       |       |       |     6 ||     6
Invok: Line Pass         |       |       |     5 |    11 ||    16
       Stomp             |       |       |       |     3 ||     3
       Grand Finale      |       |       |       |     1 ||     1
Evoke: Wand              |       |     5 |     8 |     1 ||    14
  Use: Scroll            |       |     2 |     1 |    12 ||    15
       Potion            |       |       |     6 |     2 ||     8
 Stab: Invisible         |       |       |     3 |       ||     3
       Paralysed         |       |       |     1 |    45 ||    46
       Held in net/web   |       |       |     1 |       ||     1
       Confused          |       |       |       |     7 ||     7
  Eat: Chunk             |       |     9 |    15 |    14 ||    38
       Ration            |       |       |       |     5 ||     5
Armor: Leather armour    |     2 |       |       |       ||     2
       Chain mail        |    78 |   176 |   197 |   418 ||   869
       Ring mail         |     9 |       |       |       ||     9
       Skin              |       |       |       |    32 ||    32
Dodge: Dodged            |    78 |   119 |   149 |   254 ||   600
Block: Buckler           |       |     6 |    48 |    87 ||   141
